 Dungeon Sprint DCSS version 0.19-a0-1468-ge013c26 (webtiles) character file.

1054 LORDOFBUTT the Basher (level 8, 0/50 HPs)
             Began as a Vine Stalker Berserker on Sept 7, 2016.
             Was an Elder of Trog.
             Slain by a troll (2 damage)
             ... in the Dungeon (Sprint IX: "|||||||||||||||||||||||||||||").
             The game lasted 00:01:46 (234 turns).

LORDOFBUTT the Basher (Vine Stalker Berserker)       Turns: 234, Time: 00:01:47

Health: 0/50       AC:  7    Str: 20    XL:     8   Next: 26%
Magic:  0/9        EV: 16    Int:  7    God:    Trog [****..]
Gold:   0          SH:  0    Dex: 16    Spells: 0 memorised, 7 levels left

rFire  . . .     SeeInvis .     c - +2 dire flail (protect)
rCold  . . .     Gourm    .     b - +0 animal skin
rNeg   . . .     Faith    .     (shield currently unavailable)
rPois  .         Spirit   +     (no helmet)
rElec  .         Dismiss  .     (no cloak)
rCorr  .         Reflect  .     (no gloves)
MR     +....     Harm     .     (no boots)
Stlth  +......... NoTele   +    (no amulet)
                                (no ring)
                                (no ring)

@: exhausted, slowed, very slow
A: fangs 3, regeneration 1, magic shield, antimagic bite, no device heal 3, rot
immunity
a: Berserk, Trog's Hand, Brothers in Arms, Burn Spellbooks, Renounce Religion


You were in the Dungeon.
You worshipped Trog.
Trog was greatly pleased with you.
You were not hungry.

You visited 1 branch

Inventory:

Hand Weapons
 a - a +0 mace
 c - a +2 dire flail of protection (weapon)
Armour
 b - a +0 animal skin (worn)
 m - a +0 helmet
 n - a +0 helmet
 o - a +2 ring mail
Jewellery
 p - a +2 ring of evasion
 q - a +2 ring of evasion
Wands
 l - a wand of acid (7/15)
Scrolls
 i - 2 scrolls of blinking
 k - 3 scrolls of remove curse
Potions
 d - 5 potions of curing
 e - 3 potions of heal wounds
 f - a potion of haste
 g - 4 potions of magic
 h - a potion of berserk rage
 j - a potion of invisibility


   Skills:
 + Level 9.8 Fighting
 + Level 10.4 Maces & Flails
 + Level 4.6 Armour
 + Level 6.6 Dodging


You had 7 spell levels left.
You didn't know any spells.

Dungeon Overview and Level Annotations

Branches:
Dungeon (1/1)

Altars:
Cheibriados
Dithmenos
Elyvilon
Fedhas
Gozag
Hepliaklqana
Kikubaaqudgha
Makhleb
Nemelex Xobeh
Okawaru
Qazlal
Ru
Sif Muna
Trog
Uskayaw
Vehumet
Xom
Yredelemnul
Zin
The Shining One
Beogh
Jiyva
Lugonu


Innate Abilities, Weirdness & Mutations

You have razor-sharp teeth.
Your natural rate of healing is unusually fast.
When hurt, damage is shared between your health and your magic reserves.
Your bite disrupts and absorbs the magic of your enemies.
Potions and wands cannot restore your health.
You are immune to rotting.


Message History

The troll is heavily wounded.
The troll bites you. The troll claws you. The troll claws you!
You barely miss the troll. Your bite misses the troll.
The troll is moderately wounded.
The troll bites you! The troll barely misses you. The troll claws you.
* * * LOW HITPOINT WARNING * * *
You are too injured to fight recklessly!
You are too injured to fight recklessly!
You are too injured to fight recklessly!
Your ogre goes berserk!
You feel somewhat more hungry.
The phantom hits you but does no damage.
The troll misses you. The troll claws you.
* * * LOW HITPOINT WARNING * * *
The troll barely misses you. The phantom hits you.
* * * LOW HITPOINT WARNING * * *
The troll bites you.
* * * LOW HITPOINT WARNING * * *
The troll misses you. The troll claws you.
You die...

▓†▓
▓.▓
▓.▓
▓.▓
▓.▓
▓.▓
▓O▓
▓W▓
▓@▓
▓T▓
▓a▓
▓.▓
▓.▓
▓.▓
▓+▓


You could see a troll, a phantom, a worker ant and a friendly ogre (berserk).

Vanquished Creatures
  A centaur warrior (D)
  A slime creature (D)
  A big kobold (D)
  A howler monkey (D)
  A crimson imp (D)
  2 iguanas (D)
  2 adders (D)
  An adder skeleton (D)
  A giant gecko (D)
  An orc (D)
  A bat (D)
  A bat zombie (D)
  A giant cockroach (D)
  A goblin (D)
  A giant newt (D)
  2 kobolds (D)
19 creatures vanquished.

Vanquished Creatures (others)
  A spatial maelstrom (D)
1 creature vanquished.

Grand Total: 20 creatures vanquished

Notes
Turn   | Place    | Note
-------+----------+-------------------------------------------
     0 | D        | LORDOFBUTT the Vine Stalker Berserker began the quest for the Orb.
     0 | D        | Reached XP level 1. HP: 11/11 MP: 2/2
     9 | D        | Reached skill level 3 in Maces & Flails
    10 | D        | Reached ** piety under Trog
    12 | D        | Banished a spatial maelstrom
    59 | D        | Noticed an iguana
    62 | D        | Reached XP level 2. HP: 17/17 MP: 3/3
    64 | D        | Reached *** piety under Trog
    66 | D        | Reached skill level 4 in Maces & Flails
    66 | D        | Reached XP level 3. HP: 21/21 MP: 4/4
   104 | D        | Found a roughly hewn altar of Beogh.
   104 | D        | Found a snail-covered altar of Cheibriados.
   104 | D        | Found a shadowy altar of Dithmenos.
   104 | D        | Found a white marble altar of Elyvilon.
   104 | D        | Found a blossoming altar of Fedhas.
   104 | D        | Found an opulent altar of Gozag.
   105 | D        | Found a hazy altar of Hepliaklqana.
   106 | D        | Found a viscous altar of Jiyva.
   107 | D        | Found an ancient bone altar of Kikubaaqudgha.
   108 | D        | Found a corrupted altar of Lugonu.
   109 | D        | Found a burning altar of Makhleb.
   110 | D        | Found a sparkling altar of Nemelex Xobeh.
   111 | D        | Found an iron altar of Okawaru.
   112 | D        | Found a stormy altar of Qazlal.
   113 | D        | Found a sacrificial altar of Ru.
   114 | D        | Found a deep blue altar of Sif Muna.
   115 | D        | Found a bloodstained altar of Trog.
   116 | D        | Found a hide-covered altar of Uskayaw.
   117 | D        | Found a radiant altar of Vehumet.
   118 | D        | Found a shimmering altar of Xom.
   119 | D        | Found a basalt altar of Yredelemnul.
   120 | D        | Found a glowing silver altar of Zin.
   121 | D        | Found a glowing golden altar of the Shining One.
   157 | D        | Reached **** piety under Trog
   157 | D        | Reached skill level 5 in Fighting
   159 | D        | Reached skill level 5 in Maces & Flails
   159 | D        | Gained mutation: Your natural rate of healing is unusually fast. [Vine Stalker growth]
   159 | D        | Reached XP level 4. HP: 27/27 MP: 5/5
   161 | D        | Received a gift from Trog
   161 | D        | Reached XP level 5. HP: 32/32 MP: 6/6
   170 | D        | Reached skill level 6 in Maces & Flails
   209 | D        | Noticed a slime creature
   209 | D        | Noticed a centaur warrior
   209 | D        | Noticed a big kobold
   209 | D        | Noticed a troll
   209 | D        | Noticed a phantom
   214 | D        | Killed a slime creature
   214 | D        | Reached ***** piety under Trog
   214 | D        | Reached skill level 8 in Maces & Flails
   214 | D        | Reached skill level 5 in Dodging
   214 | D        | Reached XP level 6. HP: 39/39 MP: 7/7
   219 | D        | Killed a centaur warrior
   219 | D        | Reached skill level 10 in Maces & Flails
   219 | D        | Reached XP level 7. HP: 45/45 MP: 8/8
   219 | D        | Gained mutation: You have razor-sharp teeth. [Vine Stalker growth]
   219 | D        | Reached XP level 8. HP: 50/50 MP: 9/9
   234 | D        | HP: 2/50 [troll (3)]
   234 | D        | Slain by a troll

Vault maps used:
D:        linesprint

Skill      XL: |  1  2  3  4  5  6 |
---------------+-------------------+-----
Fighting       | 3 4 5 6 7 9 |  9.8
Maces & Flails | 3 4 5 8 10 | 10.4
Armour         | 2 3 4 |  4.6
Dodging        | 2 3 5 6 |  6.6

Action                   |  1- 3 |  4- 6 |  7- 9 || total
-------------------------+-------+-------+-------++-------
Melee: Mace              |    21 |     9 |       ||    30
       Bite              |     5 |     6 |     5 ||    16
       Dire flail        |       |     7 |    14 ||    21
Invok: Berserk           |     3 |     1 |       ||     4
       Brothers in Arms  |       |       |     1 ||     1
  Eat: Bread ration      |       |     1 |       ||     1
Armor: Animal skin       |       |     1 |     2 ||     3
Dodge: Dodged            |    10 |     7 |    15 ||    32
